 Dungeon Crawl Stone Soup version 0.21-a0-521-g1cd18d1 (webtiles) character file.

124 slep the Chopper (level 4, -5/35 HPs)
             Began as a Demonspawn Monk on Dec 5, 2017.
             Was a Believer of Okawaru.
             Slain by a scorpion (7 damage)
             ... on level 4 of the Dungeon.
             The game lasted 00:07:10 (2249 turns).

slep the Chopper (Demonspawn Monk)                  Turns: 2249, Time: 00:07:11

Health: -5/35      AC:  6    Str:  9 (12) XL:     4   Next: 81%
Magic:  4/4        EV:  9    Int: 14 (16) God:    Okawaru [**....]
Gold:   125        SH:  0    Dex: 14 (16) Spells: 3/3 levels left

rFire    . . .     SeeInvis .   a - +0 hand axe
rCold    + . .     Gourm    .   (no shield)
rNeg     . . .     Faith    .   v - +0 scale mail
rPois    .         Spirit   .   (no helmet)
rElec    .         Reflect  .   (no cloak)
rCorr    .         Harm     .   (no gloves)
MR       .....                  (no boots)
Stlth    +.........             (no amulet)
HPRegen  0.11/turn              (no ring)
MPRegen  0.09/turn              (no ring)

@: brilliant, lethally poisoned (-5 -> -17)
A: cold resistance 1
a: Heroism, Renounce Religion


You were on level 4 of the Dungeon.
You worshipped Okawaru.
Okawaru was pleased with you.
You were very hungry.

You visited 1 branch of the dungeon, and saw 4 of its levels.

You collected 125 gold pieces.

Inventory:

Hand Weapons
 a - a +0 hand axe (weapon)
 m - a +0 vampiric hand axe
Missiles
 g - 10 tomahawks (quivered)
Armour
 b - a +0 robe
 e - a +0 leather armour
 v - a +0 scale mail (worn)
Jewellery
 i - an uncursed ring of ice
 k - an uncursed amulet of the gourmand {unknown}
Wands
 u - a wand of random effects (38)
Scrolls
 d - 2 scrolls of magic mapping {unknown}
 h - 4 scrolls of identify {unknown}
 n - 2 scrolls of random uselessness {unknown}
 p - a scroll of enchant armour {unknown}
 s - a scroll of immolation {unknown}
 w - a scroll of blinking {unknown}
 x - a scroll of fog {unknown}
Potions
 q - a potion of curing {unknown}
 r - a potion of invisibility {unknown}
 t - a potion of lignification {unknown}
Comestibles
 c - 4 bread rations
 j - a meat ration
 l - 2 fruits


   Skills:
 + Level 3.4 Fighting
 + Level 3.6 Axes
 + Level 0.3 Throwing
 + Level 1.7 Armour
 + Level 3.2 Dodging
 + Level 2.2 Stealth


You had 3 spell levels left.
You didn't know any spells.

Dungeon Overview and Level Annotations

Branches:
Dungeon (4/15)
 Temple: D:4-7

Altars:
Ashenzari
Okawaru
Xom


Innate Abilities, Weirdness & Mutations

Your flesh is cold resistant. (rC+)


Message History

You hit the scorpion but do no damage.
The scorpion is heavily wounded.
You feel sick. The scorpion stings you!
* * * LOW HITPOINT WARNING * * *
You hit the scorpion.
The scorpion is almost dead.
The scorpion barely misses you. The scorpion stings you.
* * * LOW HITPOINT WARNING * * *
You are more poisoned.
The scorpion poisons you!
It was a potion of brilliance.
You feel clever all of a sudden.
* * * LOW HITPOINT WARNING * * *
You feel sick. The scorpion barely misses you.
It was a potion of degeneration.
There was something very wrong with that liquid.
You feel weakened.
You feel dopey.
You feel clumsy.
* * * LOW HITPOINT WARNING * * *
You feel sick. The scorpion stings you!
You die...

#. .. # #. #.
#.#....
#....#.####
..[..#..
#...#.#######
#...#..<....#
#..s@.#####.#
#.###.# ..#
####


You could see a scorpion.

Vanquished Creatures
  An orc wizard (D:3)
  3 adders
  3 leopard geckos
  10 orcs (D:3)
  A giant cockroach (D:1)
  8 goblins
  6 hobgoblins
  2 jackals (D:1)
  A quokka (D:2)
  4 bats
  8 frilled lizards
  4 kobolds
  3 rats
54 creatures vanquished.

Notes
Turn   | Place    | Note
-------+----------+-------------------------------------------
     0 | D:1      | slep the Demonspawn Monk began the quest for the Orb.
     0 | D:1      | Reached XP level 1. HP: 18/18 MP: 1/1
   192 | D:1      | Gained mutation: Your flesh is cold resistant. (rC+) [demonic ancestry]
   192 | D:1      | Reached XP level 2. HP: 13/24 MP: 2/2
   722 | D:2      | Reached XP level 3. HP: 21/29 MP: 3/3
  1219 | D:2      | Found an iron altar of Okawaru.
  1219 | D:2      | Found a shimmering altar of Xom.
  1220 | D:2      | Found a shattered altar of Ashenzari.
  1226 | D:2      | Became a worshipper of Warmaster Okawaru
  1226 | D:2      | Reached * piety under Okawaru
  1226 | D:2      | Reached ** piety under Okawaru
  1472 | D:3      | Reached skill level 1 in Armour
  1594 | D:3      | Reached XP level 4. HP: 18/35 MP: 4/4
  2249 | D:4      | Slain by a scorpion

Vault maps used:
D:1:      lightli_molten_gateway, minmay_lizard_pond
D:2:      gammafunk_temple_overflow_claw
D:3:      minmay_misc_feat_encased
D:4:      nicolae_ossuary_entry_monument, grunt_ministairs_2, uniq_menkaure

Skill      XL: |  1  2  3 |
---------------+----------+-----
Dodging        | 3 |  3.2
Axes           | 3 |  3.6
Stealth        | 2 |  2.2
Armour         | 1 |  1.7
Fighting       | |  3.4
Throwing       | |  0.3

Action                   |  1- 3 |  4- 6 || total
-------------------------+-------+-------++-------
Melee: Hand axe          |   152 |    46 ||   198
Throw: Tomahawk          |     5 |    12 ||    17
  Use: Potion            |       |     2 ||     2
 Stab: Sleeping          |     4 |       ||     4
  Eat: Chunk             |     2 |     1 ||     3
Armor: Leather armour    |    31 |       ||    31
       Scale mail        |    10 |    11 ||    21
Dodge: Dodged            |   123 |    26 ||   149

Table legend:
 A = Spawn XP
 B = Non-spawn XP
 C = Spawn XP percentage of total XP
 D = Spawn monster count
 E = Non-spawn monster count
 F = Spawn count percentage of total count
 G = Total turns spent on level
                    A         B        C        D         E        F      G
               +---------+---------+-------+---------+---------+-------+---------
         Total |       0 |     178 |   0.0 |       0 |      54 |   0.0 |  2249
               +---------+---------+-------+---------+---------+-------+---------
           D:1 |       0 |      34 |   0.0 |       0 |      21 |   0.0 |   692
           D:2 |       0 |      30 |   0.0 |       0 |      11 |   0.0 |   685
           D:3 |       0 |     114 |   0.0 |       0 |      22 |   0.0 |   856
               +---------+---------+-------+---------+---------+-------+---------
